 Dungeon Crawl Stone Soup version 0.29-a0-553-g81b289dbe5 (webtiles) character file.

Game seed: 11611721066243375432

1495 grumblor the Chopper (level 8, 0/43 HPs)
             Began as a Vine Stalker Fighter on June 6, 2022.
             Was an Initiate of Ru.
             Killed from afar by Maggie (11 damage)
             ... with a bolt of fire
             ... on level 7 of the Dungeon.
             The game lasted 00:08:06 (4439 turns).

grumblor the Chopper (Vine Stalker Fighter)         Turns: 4439, Time: 00:08:07

Health: 0/43       AC: 11    Str: 21    XL:     8   Next: 81%
Magic:  0/9        EV:  8    Int:  8    God:    Ru [......]
Gold:   256        SH:  5    Dex: 14    Spells: 7/7 levels left

rFire   . . .      SeeInvis .   a - +0 war axe (elec)
rCold   . . .      Faith    .   c - +0 buckler
rNeg    + . .      Spirit   +   j - +0 chain mail
rPois   .          Reflect  .   (no helmet)
rElec   .          Harm     .   n - +0 cloak
rCorr   .          Rampage  .   (no gloves)
Will    +....                   h - +0 pair of boots
Stlth   ..........              (no amulet)
HPRegen 0.94/turn               l - ring of positive energy
MPRegen 0.11/turn               (no ring)

@: on berserk cooldown, slowed, very slow
A: fangs 3, regeneration 1, magic shield, antimagic bite, no potion heal 2
a: Renounce Religion


You were on level 7 of the Dungeon.
You worshipped Ru.
Ru was noncommittal.
You visited 1 branch of the dungeon, and saw 7 of its levels.

You collected 256 gold pieces.

Inventory:

Hand Weapons
 a - a +0 war axe of electrocution (weapon)
Missiles
 m - 5 boomerangs (quivered)
 p - 8 javelins
Armour
 c - a +0 buckler (worn)
 h - a +0 pair of boots (worn)
 j - a +0 chain mail (worn)
 n - a +0 cloak (worn)
Jewellery
 e - a ring of fire
 l - a ring of positive energy (left hand)
Wands
 r - a wand of flame (13)
Scrolls
 i - 3 scrolls of blinking
 k - 2 scrolls of fear
 t - a scroll of teleportation
Potions
 d - a potion of might
 f - a potion of brilliance {unknown}
 g - 3 potions of curing
 o - a potion of ambrosia {unknown}
 q - a potion of magic {unknown}
 s - a potion of attraction {unknown}


   Skills:
 * Level 5.0 Fighting
 + Level 5.7 Axes
 - Level 2.0 Throwing
 + Level 4.2 Armour
 * Level 3.3 Dodging
 + Level 3.3 Shields
 * Level 2.0 Evocations


You had 7 spell levels left.
You didn't know any spells.
Your spell library was empty.

Dungeon Overview and Level Annotations

Branches:
Dungeon (7/15)
 Temple: D:4-7

Altars:
Cheibriados
Fedhas
Ru
Yredelemnul

Annotations:
D:7 Maggie


Innate Abilities, Weirdness & Mutations

You have razor-sharp teeth.
Your natural rate of healing is unusually fast.
When hurt, damage is shared between your health and your magic reserves.
Your bite disrupts and absorbs the magic of your enemies.
Potions cannot restore your health.


Message History

The sky beast is severely wounded.
The sky beast hits you but does no damage.
Maggie casts a spell.
You slash the sky beast! Your bite misses the sky beast.
The sky beast is almost dead.
The sky beast hits you but does no damage.
You closely miss the sky beast.
The sky beast is almost dead.
The sky beast hits you but does no damage.
You completely miss the sky beast.
The sky beast is almost dead.
You block the sky beast's attack.
Maggie mumbles some strange words.
You slash the sky beast!
You kill the sky beast!
Maggie gestures at you while chanting. The bolt of fire misses you.
Your life force feels restored.
Your Evocations skill increases to level 2!
Things that are here:
a +4 short sword; a +0 robe; a sky beast corpse You hit Maggie.
Maggie is lightly wounded.
Maggie barely misses you.
You barely miss Maggie.
Maggie is lightly wounded.
You are no longer berserk.
You are exhausted.
You feel yourself slow down. Maggie hits you with a +0 scimitar!
* * * LOW HITPOINT WARNING * * *
You hit Maggie but do no damage. Lightning courses through Maggie!!
Maggie is moderately wounded.
Maggie hits you with a +0 scimitar!
* * * LOW HITPOINT WARNING * * *
You block Maggie's attack.
You barely miss Maggie. Your bite misses Maggie.
Maggie is moderately wounded.
Maggie points at you and mumbles some strange words.
The bolt of fire hits you!
You die...

## . .#####
.... ... #.#
##.######.#####
.....>..@@....#
...#######._..#
......# #...###
####


You could see Maggie.

Vanquished Creatures
  Eustachio (D:5)
  A water moccasin (D:5)
  2 ice beasts (D:6)
  A sky beast (D:7)
  An ogre (D:6)
  A centaur (D:6)
  2 scorpions
  3 wights
  2 howler monkeys
  Crazy Yiuf (D:3)
  2 hounds
  A jelly (D:5)
  Terence (D:3)
  2 iguanas
  An orc wizard (D:3)
  4 gnolls (D:4)
  9 adders
  A shadow imp (D:5)
  A white imp (D:6)
  2 ufetubi
  A worm (D:2)
  A dart slug (D:1)
  8 orcs
  2 endoplasms
  4 giant cockroaches
  4 goblins
  10 hobgoblins
  8 jackals
  4 quokkas
  6 ball pythons
  7 bats
  4 frilled lizards
  5 kobolds
  6 rats
109 creatures vanquished.

Notes
Turn   | Place    | Note
-------+----------+-------------------------------------------
     0 | D:1      | grumblor the Vine Stalker Fighter began the quest for the
                  | Orb.
     0 | D:1      | Reached XP level 1. HP: 11/11 MP: 2/2
   184 | D:1      | Reached XP level 2. HP: 11/16 MP: 3/3
   712 | D:2      | Found a faded altar of an unknown god.
   801 | D:2      | Reached XP level 3. HP: 9/20 MP: 4/4
  1386 | D:2      | Gained mutation: Your natural rate of healing is unusually
                  | fast. [Vine Stalker growth]
  1386 | D:2      | Reached XP level 4. HP: 22/24 MP: 3/5
  1433 | D:2      | Reached skill level 1 in Dodging
  2395 | D:3      | Noticed Terence
  2404 | D:3      | Killed Terence
  2405 | D:3      | Reached XP level 5. HP: 18/28 MP: 3/6
  2704 | D:3      | Found a runed translucent door.
  2705 | D:3      | Noticed Crazy Yiuf
  2773 | D:3      | Killed Crazy Yiuf
  2841 | D:4      | Reached XP level 6. HP: 17/33 MP: 3/7
  3067 | D:4      | Found a sacrificial altar of Ru.
  3092 | D:4      | Became a worshipper of Ru the Awakened
  3217 | D:4      | Found a basalt altar of Yredelemnul.
  3398 | D:5      | Entered Level 5 of the Dungeon
  3511 | D:5      | Noticed a water moccasin
  3516 | D:5      | Killed a water moccasin
  3517 | D:5      | Reached skill level 1 in Throwing
  3517 | D:5      | Reached XP level 7. HP: 24/37 MP: 6/8
  3624 | D:5      | Noticed Eustachio
  3634 | D:5      | Killed Eustachio
  3881 | D:5      | Found a blossoming altar of Fedhas.
  4200 | D:6      | Gained mutation: You have razor-sharp teeth. [Vine Stalker
                  | growth]
  4200 | D:6      | Reached XP level 8. HP: 10/42 MP: 3/9
  4286 | D:6      | Reached skill level 5 in Axes
  4304 | D:6      | Reached skill level 1 in Evocations
  4423 | D:7      | Noticed Maggie
  4423 | D:7      | Found a snail-covered altar of Cheibriados.
  4429 | D:7      | Reached skill level 5 in Fighting
  4439 | D:7      | Killed from afar by Maggie

Illustrated notes

Levels and vault maps discovered:
D:1:      evilmike_arrival_hilbert_curve, layout_rooms
D:2:      minmay_alternating_diamond, layout_loops_ring,
          nicolae_ecumenical_oubliette
D:3:      layout_loops_corners, uniq_terence, uniq_crazy_yiuf_cottage
D:4:      layout_loops_ring, kennysheep_mini_moat, overflow_temple_1_default,
          minmay_hedge_maze, serial_bayou_pond_e
D:5:      layout_loops_ring, fedhas_altar_4, uniq_eustachio
D:6:      layout_loops_corners, minmay_temple_entry_waves, corexii_corridor_pit
D:7:      layout_loops_ring, cheibriados_altar_1,
          mainiacjoe_overflow_surrounded_room, fountainhead, uniq_maggie,
          uniq_duvessa, uniq_joseph

Skill      XL: |  1  2  3  4  5  6  7  8 |
---------------+-------------------------+-----
Fighting       | 3 4 5 |  5.0
Axes           | 2 3 4 5 |  5.7
Dodging        | 1 2 3 |  3.3
Shields        | 3 |  3.3
Armour         | 3 4 |  4.2
Throwing       | 1 2 |  2.0
Evocations     | 2 |  2.0

Action                   |  1- 3 |  4- 6 |  7- 9 || total
-------------------------+-------+-------+-------++-------
Melee: War axe           |    76 |   124 |    75 ||   275
       Bite              |    18 |    27 |    23 ||    68
Throw: Boomerang         |       |     1 |    15 ||    16
  Use: Scroll            |     2 |    11 |     2 ||    15
       Potion            |       |       |     1 ||     1
Armor: Scale mail        |    40 |     8 |       ||    48
       Chain mail        |       |    66 |    33 ||    99
Dodge: Dodged            |    35 |    52 |    30 ||   117
Block: Buckler           |    26 |    35 |    20 ||    81

Table legend: (Time is in decaauts)
 A = Elapsed time spent in this place.
 B = Non-inter-level travel time spent in this place.
 C = Inter-level travel time spent in this place.
 D = Time resting spent in this place.
 E = Time spent auto-exploring this place.
 F = Levels seen in this place.
 G = Mean time per level.
                   A        B        C        D        E       F      G
               +--------+--------+--------+--------+--------+-----+--------+
         Total |   4541 |   4413 |    128 |     94 |   3486 |   7 |  648.7 |
       Dungeon |   4541 |   4413 |    128 |     94 |   3486 |   7 |  648.7 |
               +--------+--------+--------+--------+--------+-----+--------+

Top non-repeatable levels by time:
     D:2: 1277 daAuts
     D:3: 867 daAuts
     D:5: 788 daAuts
     D:1: 746 daAuts
     D:4: 583 daAuts
     D:6: 263 daAuts
     D:7: 14 daAuts
